AoeStats
← Josmi-Ga'lock

Oasis

508258753Analyzed
2v2 RM · 12d ago on Sep 21, 2026· 64m 21s· 4 players
Game mode
Random Map
Map size
Medium (4 player)
Population
200
Speed
Normal
Resources
Standard
Victory
Conquest
Starting age
Dark Age
Ending age
Imperial Age
RankedLock teamsTeams togetherTeam positionsShared explorationLock speedFull tech treeHidden civsTurbo modeCheats
Victory
Defeat
🇻🇪 Italians · Venezuela
923
+15
🇦🇷 Persians · Argentina
905
+15
🇵🇰 Chinese · Pakistan
901
-15
🇵🇰 Franks · Pakistan
885
-15
Captain Roach
10:54 Feudal Age
15:39 Castle Age
15:43 Loom
18:27 Scale Barding Armor
29:21 Husbandry
33:19 Wheelbarrow
34:48 Double-Bit Axe
34:57 Gold Mining
38:03 Gold Shaft Mining
37:20 Stone Mining
37:45 Bow Saw
39:31 #83
40:14 Chain Barding Armor
40:05 Forging
39:57 Scale Mail Armor
41:18 Hand Cart
40:48 Town Watch
42:57 Iron Casting
47:41 Imperial Age
45:31 Town Patrol
46:07 Chain Mail Armor
48:43 Ballistics
48:33 Masonry
48:26 Murder Holes
48:42 Fortified Wall
48:13 Cavalier
49:14 Pikeman
49:40 Gambesons
49:55 Squires
49:41 Arson
50:02 Halberdier
51:22 Plate Barding Armor
51:47 Blast Furnace
51:18 Plate Mail Armor
51:32 Architecture
52:03 Chemistry
53:00 Chivalry
53:26 Conscription
54:06 Arrowslits
56:59 Onager
Captain Price
0:42 Loom
12:08 Feudal Age
16:51 Castle Age
27:26 Double-Bit Axe
28:04 Horse Collar
32:26 Heavy Plow
33:52 Padded Archer Armor
33:42 Fletching
37:36 Imperial Age
35:58 Bodkin Arrow
36:19 Leather Archer Armor
36:45 Wheelbarrow
36:23 Town Watch
39:48 Hand Cart
39:58 Town Patrol
39:31 Pikeman
40:11 Squires
39:57 Arson
40:16 Scale Mail Armor
41:27 Chain Mail Armor
40:50 Halberdier
41:59 Bow Saw
42:27 Fervor
42:48 Illumination
43:19 Gold Mining
43:19 Stone Mining
45:20 Plate Mail Armor
46:17 Two-Man Saw
47:14 Leather Archer Armor
46:59 Bracer
48:05 Chemistry
47:25 Ballistics
47:59 Elite Chu Ko Nu
50:21 Gold Shaft Mining
50:21 Stone Shaft Mining
54:30 Devotion
54:50 Sanctity
54:30 Atonement
54:27 Herbal Medicine
54:47 Block Printing
55:08 Theocracy
61:10 Elite Fire Lancer
61:16 Light Cavalry
62:07 Bloodlines
62:08 Scale Barding Armor
62:13 Forging
62:10 Caravan
62:56 Husbandry
63:30 Heavy Rocket Cart
Abyssus
4:26 Loom
11:02 Feudal Age
12:12 Double-Bit Axe
15:16 Fletching
19:50 Castle Age
20:57 Stone Mining
21:43 Horse Collar
22:49 Padded Archer Armor
25:33 Bodkin Arrow
29:10 Leather Archer Armor
34:56 Imperial Age
33:31 Heavy Plow
33:43 Bow Saw
33:40 Gold Mining
34:29 Stone Shaft Mining
34:58 Wheelbarrow
37:51 Two-Man Saw
36:39 Treadmill Crane
37:24 Bloodlines
38:16 Bracer
38:45 Light Cavalry
39:26 Husbandry
39:49 Hand Cart
40:05 Conscription
41:27 Thumb Ring
42:27 Chemistry
41:48 Ballistics
44:16 Hoardings
45:02 Masonry
44:42 Elite Genoese Crossbowman
45:48 Caravan
45:39 Town Watch
47:20 Pirotechnia
46:54 Hussar
48:11 Silk Road
48:59 Crop Rotation
49:31 Ring Archer Armor
49:07 Scale Barding Armor
49:15 Forging
53:51 Chain Barding Armor
54:07 Iron Casting
53:31 Murder Holes
59:09 Coinage
58:50 Guilds
64:45 Plate Barding Armor
65:13 Blast Furnace
Josmi-Ga'lock
0:28 Loom
10:18 Feudal Age
10:41 Town Watch
10:44 Double-Bit Axe
12:23 Horse Collar
19:26 Stone Mining
21:48 Castle Age
20:00 Fletching
22:24 Gold Mining
22:44 Bodkin Arrow
23:28 Stone Shaft Mining
25:06 Gold Mining
33:44 Imperial Age
31:55 Heavy Plow
32:09 Bow Saw
33:02 Bloodlines
32:52 Husbandry
34:37 Conscription
35:54 Two-Man Saw
35:37 Scale Barding Armor
35:42 Forging
36:32 Gold Shaft Mining
36:48 Chain Barding Armor
36:54 Elite War Elephant
38:06 Citadels
39:12 Plate Barding Armor
39:15 Iron Casting
41:05 Crop Rotation
41:47 Blast Furnace
42:19 Elite War Elephant
44:18 Chemistry
43:24 Caravan
44:34 Fervor
47:42 Wheelbarrow
47:57 Ballistics
47:49 Masonry
50:37 Devotion
56:22 Kamandaran
56:26 Padded Archer Armor
57:41 Leather Archer Armor
57:19 Crossbowman
58:06 Thumb Ring
59:52 Squires
59:37 Arson
60:35 Ring Archer Armor
60:41 Ring Archer Armor
64:57 Hand Cart
65:08 Faith
Connection lost

Rejoining the realm…

Still unreachable

The connection could not be restored.

Session expired

The server has moved on; the page needs a fresh start.